 Dungeon Crawl Stone Soup version 0.20.1-1-g8b1a95d (webtiles) character file.

46 Phantomfrettchen the Skirmisher (level 3, 0/29 HPs)
             Began as a Demonspawn Chaos Knight on Oct 2, 2017.
             Slain by a gnoll
             ... wielding a +0 spear
              (6 damage)
             ... on level 2 of the Dungeon.
             The game lasted 00:05:09 (1468 turns).

Phantomfrettchen the Skirmisher (DsCK)              Turns: 1468, Time: 00:05:11

Health: 0/29       AC:  5    Str: 12    XL:     3   Next: 44%
Magic:  3/3        EV: 11    Int: 13    God:    Xom [..*...]
Gold:   27         SH:  0    Dex: 13    Spells: 2/2 levels left

rFire    . . .     SeeInvis .   l - +0 short sword (speed)
rCold    . . .     Gourm    .   (no shield)
rNeg     . . .     Faith    .   a - +2 leather armour
rPois    .         Spirit   .   (no helmet)
rElec    .         Reflect  .   (no cloak)
rCorr    +         Harm     .   (no gloves)
MR       .....                  (no boots)
Stlth    +.........             k - amulet of regeneration
Regen    0.5/turn               h - ring of resist corrosion
MPRegen  0.1/turn               (no ring)

@: no status effects
A: powered by death 1
a: Renounce Religion


You were on level 2 of the Dungeon.
You worshipped Xom.
You were a toy of Xom.
You were not hungry.

You visited 1 branch of the dungeon, and saw 2 of its levels.

You collected 27 gold pieces.

Inventory:

Hand Weapons
 l - a +0 short sword of speed (weapon)
Missiles
 c - 68 stones (quivered)
 f - 33 arrows
Armour
 a - a +2 leather armour (worn)
Jewellery
 h - a ring of resist corrosion (left hand)
 k - an amulet of regeneration (around neck)
Scrolls
 d - a scroll of enchant weapon {unknown}
 e - 4 scrolls of identify {unknown}
 p - a scroll of enchant armour {unknown}
Potions
 g - a potion of mutation {unknown}
 i - a potion of curing {unknown}
 j - a potion of heal wounds {unknown}
 n - a potion of berserk rage {unknown}
Comestibles
 b - a bread ration
 m - 3 royal jellies
 o - a chunk of flesh
 q - 3 fruits


   Skills:
 - Level 3.0 Fighting
 * Level 0.6 Short Blades
 * Level 1.4 Throwing
 - Level 2.1 Armour
 + Level 1.4 Dodging
 - Level 3.0 Unarmed Combat


You had 2 spell levels left.
You didn't know any spells.

Dungeon Overview and Level Annotations

Branches:
Dungeon (2/15)

Altars:


Innate Abilities, Weirdness & Mutations

You regenerate a little health from kills.


Message History

You closely miss the goblin. The gnoll closely misses you.
The gnoll barely misses you.
You hit the goblin.
You kill the goblin!
The gnoll closely misses you.
You closely miss the gnoll. The gnoll misses you.
The gnoll hits you with a club.
You hit the gnoll.
The gnoll is lightly wounded.
The gnoll hits you but does no damage.
The gnoll hits you from afar with a spear.
* * * LOW HITPOINT WARNING * * *
You hit the gnoll.
The gnoll is heavily wounded.
The gnoll barely misses you.
The gnoll hits you from afar with a spear.
* * * LOW HITPOINT WARNING * * *
The gnoll hits you from afar with a spear.
You die...
Xom bursts into laughter!

#≈≈ ≈≈≈ #.# #.# ##.###.##### #.#
#.# .#...#...#..# #.# #.#
............## #.# #.#####
.....†.......# #.# #.....#
.............## #.# #####.#
..............## #.# #.#
.#...#...#....g###.# #######.#
##.###.####.wgg@..# #.......#
#≈≈ #≈≈≈ #...##### #.####### ≈.≈
≈.≈≈≈≈ ##.## #.# ≈≈≈≈≈≈≈≈P..
#.###########.#######
≈P.≈≈≈P...##....................
.......#P###############.######.
..P#P..#.##..............# ##
##.#####.####.## #.# ### #.#


You could see a worm and 3 gnolls.

Vanquished Creatures
  A worm (D:2)
  A dart slug (D:1)
  2 giant cockroaches
  3 goblins
  4 hobgoblins
  3 jackals (D:2)
  4 kobolds (D:1)
  A quokka (D:2)
  12 bats
  4 frilled lizards
  3 rats
38 creatures vanquished.

Notes
Turn   | Place    | Note
-------+----------+-------------------------------------------
     0 | D:1      | Phantomfrettchen the Demonspawn Chaos Knight began the quest for the Orb.
     0 | D:1      | Reached XP level 1. HP: 18/18 MP: 1/1
   170 | D:1      | Gained mutation: You regenerate a little health from kills. [demonic ancestry]
   170 | D:1      | Reached XP level 2. HP: 22/24 MP: 2/2
   333 | D:1      | Reached skill level 1 in Dodging
   459 | D:1      | XOM: harmless Conj miscast
   471 | D:1      | XOM: cloud trail
   509 | D:1      | Reached skill level 1 in Throwing
   979 | D:2      | Reached XP level 3. HP: 29/29 MP: 3/3
  1142 | D:2      | XOM: butterfly on damage
  1196 | D:2      | Found a faded altar of an unknown god.
  1456 | D:2      | XOM: summons friendly iron imp
  1468 | D:2      | Slain by a gnoll

Skill      XL: |  1  2 |
---------------+-------+-----
Unarmed Combat | 3 |  3.0
Armour         | 2 |  2.1
Dodging        | 1 |  1.4
Throwing       | 1 |  1.4
Fighting       | |  3.0
Short Blades   | |  0.6

Action                   || total
-------------------------++-------
Melee: Unarmed           ||    81
       Punch             ||     2
       Short sword       ||    78
Throw: Stone             ||    51
  Eat: Chunk             ||     2
Armor: Leather armour    ||   103
Dodge: Dodged            ||   171
